 Dungeon Crawl Stone Soup version 0.29-a0-914-g906f1d757c (webtiles) character file.

Game seed: 2355592907342722449

1218 ketsa the Chopper (level 8, -6/87 HPs)
             Began as a Demonspawn Berserker on July 26, 2022.
             Was a Believer of Trog.
             Killed from afar by a steam dragon (13 damage)
             ... with a ball of steam
             ... on level 6 of the Dungeon.
             The game lasted 00:18:32 (7588 turns).

ketsa the Chopper (Demonspawn Berserker)            Turns: 7588, Time: 00:18:33

Health: -6/87      AC: 12    Str: 19    XL:     8   Next: 22%
Magic:  8/8        EV: 11    Int: 10    God:    Trog [**....]
Gold:   107        SH:  0    Dex: 12    Spells: 7/7 levels left

rFire   . . .      SeeInvis .   j - +0 war axe
rCold   . . .      Faith    .   (no shield)
rNeg    . . .      Spirit   .   x - +0 ring mail
rPois   .          Reflect  .   D - +2 helmet
rElec   .          Harm     .   (no cloak)
rCorr   .          Rampage  .   (no gloves)
Will    .....                   (no boots)
Stlth   ..........              d - amulet of the acrobat
HPRegen 0.24/turn               (no ring)
MPRegen 0.11/turn               (no ring)

@: berserking, very quick
A: thin metallic scales 2, foul stench 1, demonic magic 1
a: Renounce Religion, Berserk, Trog's Hand


You were on level 6 of the Dungeon.
You worshipped Trog.
Trog was pleased with you.
You visited 1 branch of the dungeon, and saw 6 of its levels.

You collected 409 gold pieces.
You spent 302 gold pieces at shops.

Inventory:

Hand Weapons
 j - a +0 war axe (weapon)
Missiles
 a - 17 stones
 h - a throwing net
 A - 2 poisoned darts
Armour
 g - a +0 scale mail
 x - a +0 ring mail (worn)
 D - a +2 helmet (worn)
Jewellery
 d - an amulet of the acrobat (around neck)
 m - a ring of fire
 H - an amulet of reflection
 J - a ring of resist corrosion
Wands
 w - a wand of flame (10) (quivered)
Scrolls
 b - 2 scrolls of teleportation {unknown}
 f - 2 scrolls of fear {unknown}
 i - 4 scrolls of blinking
 k - 3 scrolls of torment {unknown}
 l - 2 scrolls of enchant weapon {unknown}
 n - a scroll of vulnerability {unknown}
 o - 2 scrolls of magic mapping {unknown}
 p - 2 scrolls of immolation {unknown}
 y - 2 scrolls of poison {unknown}
 E - a scroll of amnesia {unknown}
 G - a scroll of identify
 I - a scroll of noise {unknown}
Potions
 c - a potion of lignification
 e - a potion of flight {unknown}
 q - 3 potions of attraction
 r - a potion of magic {unknown}
 s - a potion of might
 t - 2 potions of haste
 u - a potion of berserk rage {unknown}
 v - a potion of curing
 z - a potion of brilliance {unknown}
 B - a potion of ambrosia {unknown}
 C - a potion of heal wounds {unknown}
 F - a potion of mutation {unknown}


   Skills:
 - Level 3.0 Fighting
 + Level 7.7 Axes
 + Level 5.7 Armour
 - Level 1.7 Dodging


You had 7 spell levels left.
You didn't know any spells.
Your spell library contained the following spells:

 Spells                   Type           Power      Damage    Failure   Level
 Apportation              Tloc           0%         N/A       52%         1
 Necrotise                Necr           0%         1d4       52%         1
 Summon Small Mammal      Summ           0%         N/A       52%         1
 Conjure Flame            Conj/Fire      0%         6-21      88%         3
 Ignite Poison            Fire/Tmut/Pois 0%         N/A       88%         3
 Sticky Flame             Conj/Fire      0%         2d3       99%         4


Dungeon Overview and Level Annotations

Branches:
Dungeon (6/15)
 Temple: D:4-7

Altars:
Cheibriados
Gozag
Nemelex Xobeh
Vehumet
Wu Jian

Shops:
D:3 !   D:4 [

Annotations:
D:3 2 transporters
D:4 2 transporters


Innate Abilities, Weirdness & Mutations

You are mostly covered in thin metallic scales. (AC +3)
You may rarely emit foul miasma when damaged in melee.
Spells you cast may paralyse adjacent enemies.


Message History

An iguana comes into view.
The steam dragon bites you. The steam dragon closely misses you.
You closely miss the steam dragon.
The steam dragon is lightly wounded.
You are engulfed in a cloud of scalding steam.
The iguana hisses angrily.
The steam dragon barely misses you. The steam dragon claws you.
The steam dragon closely misses you.
The steam dragon claws you but does no damage.
You barely miss the steam dragon.
The steam dragon is lightly wounded.
The steam dragon breathes steam at you. The ball of steam hits you!!
* * * LOW HITPOINT WARNING * * *
A red film seems to cover your vision as you go berserk!
You feel yourself moving faster!
You feel mighty!
You are engulfed in a cloud of scalding steam.
The steam dragon bites you but does no damage.
The steam dragon claws you but does no damage.
You slash the steam dragon!
The steam dragon is heavily wounded.
You are engulfed in a cloud of scalding steam.
You are too berserk!
Okay, then.
You barely miss the steam dragon.
The steam dragon is heavily wounded.
You are engulfed in a cloud of scalding steam.
* * * LOW HITPOINT WARNING * * *
The steam dragon bites you.
* * * LOW HITPOINT WARNING * * *
You emit a cloud of foul miasma!
The steam dragon claws you.
* * * LOW HITPOINT WARNING * * *
You slash the steam dragon!
The steam dragon is severely wounded.
You are engulfed in a cloud of scalding steam.
The steam dragon is engulfed in dark miasma.
The steam dragon is poisoned.
The steam dragon breathes steam at you. The ball of steam hits you!
You die...

######### ##########
#$..$...# #........#
#.....>.#
#.######.######.......##
#.#.............<.......
#.#.####..............##
#.#.............@D......
..#..###..####...l....#.
.....###..# ##########
........... #.#..###..#
#.#....#..# #.#.##......
#...........
###.##..#.##


You could see a steam dragon (poisoned, catching breath) and an iguana.

Vanquished Creatures
  An ogre (D:5)
  A sky beast (D:6)
  A black bear (D:5)
  4 phantoms
  3 scorpions
  A howler monkey (D:6)
  A hound (D:4)
  2 orc priests
  Ijyb (D:4)
  An iguana (D:5)
  6 orc wizards
  A gnoll (D:1)
  4 adders
  A worm (D:3)
  3 dart slugs
  20 orcs
  6 ball pythons
  5 endoplasms
  3 giant cockroaches
  9 goblins
  8 hobgoblins
  4 jackals (D:2)
  10 kobolds
  5 quokkas
  4 bats
  4 frilled lizards (D:1)
  6 rats
115 creatures vanquished.

Notes
Turn   | Place    | Note
-------+----------+-------------------------------------------
     0 | D:1      | ketsa the Demonspawn Berserker began the quest for the Orb.
     0 | D:1      | Reached XP level 1. HP: 18/18 MP: 1/1
    33 | D:1      | Reached skill level 3 in Axes
   296 | D:1      | Gained mutation: You are partially covered in thin metallic
                  | scales. (AC +2) [demonic ancestry]
   296 | D:1      | Reached XP level 2. HP: 20/24 MP: 2/2
   710 | D:1      | Found a faded altar of an unknown god.
   756 | D:1      | Gained mutation: You are mostly covered in thin metallic
                  | scales. (AC +3) [demonic ancestry]
   756 | D:1      | Reached XP level 3. HP: 28/29 MP: 3/3
  1201 | D:2      | Reached skill level 4 in Axes
  1425 | D:2      | Found a snail-covered altar of Cheibriados.
  1972 | D:2      | Reached XP level 4. HP: 26/35 MP: 4/4
  2244 | D:2      | Reached ** piety under Trog
  2403 | D:3      | Found Nasateuj's Distillery.
  2407 | D:3      | Bought a potion of curing for 33 gold pieces
  2407 | D:3      | Bought a potion of might for 44 gold pieces
  2457 | D:3      | Reached skill level 5 in Axes
  2460 | D:3      | Gained mutation: Spells you cast may paralyse adjacent
                  | enemies. [demonic ancestry]
  2460 | D:3      | Reached XP level 5. HP: 14/41 MP: 5/5
  2900 | D:3      | Found a sparkling altar of Nemelex Xobeh.
  3163 | D:3      | Found a transporter.
  3196 | D:3      | Found a transporter.
  3301 | D:3      | You fall into a shaft and drop 1 floor!
  3533 | D:4      | Found an opulent altar of Gozag.
  3534 | D:4      | Noticed an ice beast
  3535 | D:4      | Found an ornate altar of the Wu Jian Council.
  3535 | D:4      | Found a transporter.
  3535 | D:4      | Noticed a steam dragon
  3719 | D:4      | Noticed Ijyb
  3738 | D:4      | Killed Ijyb
  3739 | D:4      | Reached XP level 6. HP: 13/47 MP: 6/6
  3992 | D:4      | Reached skill level 6 in Axes
  4298 | D:4      | Found a transporter.
  4461 | D:4      | Found Ocoa's Antique Armour Shoppe.
  4931 | D:5      | Entered Level 5 of the Dungeon
  4951 | D:5      | Reached XP level 7. HP: 34/52 MP: 7/7
  5486 | D:5      | Reached skill level 7 in Axes
  6214 | D:4      | Bought a glowing helmet for 225 gold pieces
  6559 | D:5      | Reached skill level 5 in Armour
  6823 | D:6      | Found a radiant altar of Vehumet.
  6959 | D:6      | Gained mutation: You may rarely emit foul miasma when
                  | damaged in melee. [demonic ancestry]
  6959 | D:6      | Reached XP level 8. HP: 16/58 MP: 8/8
  7588 | D:6      | Killed from afar by a steam dragon

Illustrated notes

Levels and vault maps discovered:
D:1:      amcnicky_arrival_flooded_fountain, layout_basic,
          shapermc_ecumenical_altar_acropolis
D:2:      layout_loops_corners, basic_altar
D:3:      gammafunk_steamed_eel, layout_loops_ring,
          mainiacjoe_overflow_brackets, serial_shops,
          nicolae_shop_hallway_stairs, chequers_serial_rivers_room_a,
          hangedman_decor_push
D:4:      layout_cave_pods, tso_oasis_becter, gammafunk_temple_overflow_arena,
          serial_shops, shop, st_stairs_10, minmay_hedge_maze, minivault_14,
          uniq_ijyb
D:5:      layout_gridville, minivault_1, minmay_misc_feat_four_crosses
D:6:      minmay_octagon_keep, layout_loops_ring, mainiacjoe_overflow_alcove_2,
          mainiacjoe_overflow_cross_hatched, gup_sewer_entry_bubbles,
          minmay_misc_feat_rugged

Skill      XL: |  1  2  3  4  5  6  7 |
---------------+----------------------+-----
Axes           | 3 4 5 6 7 |  7.7
Armour         | 2 3 5 |  5.7
Fighting       | |  3.0
Dodging        | |  1.7

Action                   |  1- 3 |  4- 6 |  7- 9 || total
-------------------------+-------+-------+-------++-------
Melee: Hand axe          |   107 |       |       ||   107
       Punch             |     1 |       |     3 ||     4
       War axe           |    18 |   169 |   177 ||   364
Throw: Stone             |       |     6 |       ||     6
Invok: Berserk           |     1 |     2 |     4 ||     7
       Trog's Hand       |       |       |     1 ||     1
Evoke: Wand              |       |     3 |       ||     3
  Use: Potion            |       |     2 |       ||     2
       Scroll            |       |     4 |     1 ||     5
 Stab: Sleeping          |     2 |       |       ||     2
Armor: Animal skin       |    28 |    10 |       ||    38
       Scale mail        |       |    36 |       ||    36
       Ring mail         |       |     9 |    94 ||   103
Dodge: Dodged            |   102 |    79 |    65 ||   246

Table legend: (Time is in decaauts)
 A = Elapsed time spent in this place.
 B = Non-inter-level travel time spent in this place.
 C = Inter-level travel time spent in this place.
 D = Time resting spent in this place.
 E = Time spent auto-exploring this place.
 F = Levels seen in this place.
 G = Mean time per level.
                   A        B        C        D        E       F      G
               +--------+--------+--------+--------+--------+-----+--------+
         Total |   7734 |   7490 |    244 |   1861 |   3974 |   6 | 1289.0 |
       Dungeon |   7734 |   7490 |    244 |   1861 |   3974 |   6 | 1289.0 |
               +--------+--------+--------+--------+--------+-----+--------+

Top non-repeatable levels by time:
     D:4: 1782 daAuts
     D:5: 1367 daAuts
     D:3: 1335 daAuts
     D:2: 1284 daAuts
     D:1: 1148 daAuts
     D:6: 815 daAuts
